 Dungeon Crawl Stone Soup version 0.24.0-123-gd5b16e6ec5 (webtiles) character file.

Game seed: 10124317376092389130, levelgen mode: deterministic

126 FishyPogo the Ducker (level 4, -2/26 HPs)
             Began as a Deep Elf Air Elementalist on Dec 29, 2019.
             Slain by an orc
             ... wielding a +0 hand axe
              (3 damage)
             ... on level 3 of the Dungeon.
             The game lasted 00:12:13 (2160 turns).

FishyPogo the Ducker (Deep Elf Air Elementalist)    Turns: 2160, Time: 00:12:14

Health: -2/26      AC:  5    Str:  5    XL:     4   Next: 83%
Magic:  6/10       EV: 15    Int: 21    God:
Gold:   160        SH:  0    Dex: 15    Spells: 6/9 levels left

rFire    . . .     SeeInvis .   f - +0 dagger
rCold    . . .     Gourm    .   (no shield)
rNeg     . . .     Faith    .   a - +0 robe
rPois    .         Spirit   .   (no helmet)
rElec    .         Reflect  .   l - +2 cloak
rCorr    .         Harm     .   (no gloves)
MR       .....                  (no boots)
Stlth    ++........             (no amulet)
HPRegen  0.08/turn              d - +1 ring of evasion
MPRegen  0.12/turn              (no ring)

@: very slightly contaminated, hasted, invisible, very quick
A: no striking features
a: no special abilities


You were on level 3 of the Dungeon.
You were not hungry.

You visited 1 branch of the dungeon, and saw 4 of its levels.

You collected 160 gold pieces.

Inventory:

Hand Weapons
 f - a +0 dagger (weapon)
Missiles
 e - 14 stones (quivered)
 m - 11 poisoned darts
Armour
 a - a +0 robe (worn)
 l - a +2 cloak (worn)
 p - a +0 leather armour
Jewellery
 d - a +1 ring of evasion (left hand)
Scrolls
 h - a scroll of identify
 i - 2 scrolls of remove curse
Potions
 k - a potion of haste
 n - a potion of cancellation
Comestibles
 c - 4 rations


   Skills:
 + Level 1.9 Fighting
 + Level 2.1 Short Blades
 + Level 4.0 Dodging
 - Level 3.0 Stealth
 - Level 3.0 Spellcasting
 - Level 1.1 Conjurations
 - Level 3.0 Air Magic


You had 6 spell levels left.
You knew the following spells:

 Your Spells              Type           Power        Failure   Level  Hunger
a - Shock                 Conj/Air       ##..         6%          1    None
b - Swiftness             Chrm/Air       #.......     11%         2    ##.....

Your spell library contained the following spells:

 Spells                   Type           Power        Failure   Level  Hunger
 Static Discharge         Conj/Air       ##......     17%         3    ###....
 Airstrike                Air            ###.......   36%         4    ####...
 Lightning Bolt           Conj/Air       ##........   85%         5    ######.


Dungeon Overview and Level Annotations

Branches:
Dungeon (4/15)
 Temple: D:4-7

Altars:


Message History

The zap hits the worm.
The worm is lightly wounded.
The zap misses the orc.
The zap misses the leopard gecko.
The zap hits the worker ant.
The worker ant is moderately wounded.
Casting: Shock (safe; 6% risk of failure)
Confirm with . or Enter, or press ? or * to list all spells.
Aiming: Shock (safe; 6% risk of failure)
Press: ? - help, Shift-Dir - straight line, p - worker ant The zap hits the orc.
You kill the orc!
The zap hits the worker ant but does no damage.
The worker ant is moderately wounded.
The zap hits the leopard gecko.
The leopard gecko is severely wounded.
The orc misses you.
Things that are here:
a +0 dagger; an orc corpse The orc hits you with a +0 hand axe.
You die...

... ... ...########
....รท.....#
#####.....#
........(.#########
.#..............ao#
..#..........wl.).#
#.#.....##...###@o#
..#...#.##..## #..#
........#..## #..#
?...###.#... ..##
....###.##a. ...#
...(..>.###bo o..#
...####..## .##.#
...####...######.#
.................#


You could see a worm (wandering), a worker ant, an orc wizard (wandering), 2
orcs and a leopard gecko.

Vanquished Creatures
  A hound (D:2)
  An adder (D:2)
  5 worms (D:2)
  3 dart slugs
  5 leopard geckos
  9 orcs
  5 bats
  2 giant cockroaches (D:2)
  5 hobgoblins
  2 goblins
  8 kobolds
  6 rats
52 creatures vanquished.

Notes
Turn   | Place    | Note
-------+----------+-------------------------------------------
     0 | D:1      | FishyPogo the Deep Elf Air Elementalist began the quest for
                  | the Orb.
     0 | D:1      | Reached XP level 1. HP: 10/10 MP: 6/6
   153 | D:1      | Reached XP level 2. HP: 13/16 MP: 5/8
   157 | D:1      | Learned a level 2 spell: Swiftness
   585 | D:2      | Reached skill level 1 in Fighting
   585 | D:2      | Reached skill level 1 in Short Blades
   585 | D:2      | Reached skill level 3 in Dodging
   585 | D:2      | Reached XP level 3. HP: 19/20 MP: 6/9
   995 | D:2      | Reached XP level 4. HP: 20/25 MP: 6/10
  2077 | D:4      | Noticed a sky beast
  2084 | D:4      | Reached skill level 4 in Dodging
  2150 | D:3      | HP: 1/26 [orc/+0 dagger (5)]
  2160 | D:3      | Slain by an orc

Levels and vault maps discovered:
D:1:      dpeg_arrival_refuge, layout_basic, minmay_door_square
D:2:      layout_basic
D:3:      layout_basic, minmay_cupped
D:4:      layout_loops_cross, elyvilon_altar_3, cheibrodos_sewer_entry_drain,
          first_ration, st_stairs_8

Skill      XL: |  1  2  3  4 |
---------------+-------------+-----
Stealth        | 3 |  3.0
Fighting       | 1 |  1.9
Short Blades   | 1 2 |  2.1
Dodging        | 3 4 |  4.0
Spellcasting   | |  3.0
Conjurations   | |  1.1
Air Magic      | |  3.0

Action                   |  1- 3 |  4- 6 || total
-------------------------+-------+-------++-------
Melee: Unarmed           |     9 |       ||     9
       Dagger            |     7 |    21 ||    28
 Cast: Shock             |    54 |    72 ||   126
  Use: Scroll            |       |     4 ||     4
       Potion            |       |     2 ||     2
 Stab: Sleeping          |     2 |     1 ||     3
  Eat: Chunk             |       |     4 ||     4
Armor: Robe              |     5 |     4 ||     9
Dodge: Dodged            |    18 |    35 ||    53
